 Dungeon Crawl Stone Soup version 0.27-a0-1230-gfc7c993222 (webtiles) character file.

Game seed: 6814133516003369513

415 Glokmah the Sneak (level 6, -17/33 HPs)
             Began as a Vampire Enchanter on June 8, 2021.
             Demolished by Menkaure (25 damage)
             ... on level 4 of the Dungeon.
             The game lasted 00:09:53 (3930 turns).

Glokmah the Sneak (Vampire Enchanter)               Turns: 3930, Time: 00:09:53

Health: -17/33     AC:  0    Str:  5 (7)  XL:     6   Next: 60%
Magic:  8/10       EV: 19    Int: 16 (18) God:
Gold:   135        SH:  0    Dex: 19 (21) Spells: 6/10 levels left

rFire    . . .     SeeInvis +   (weapon currently unavailable)
rCold    + + .     Faith    .   (shield currently unavailable)
rNeg     + + +     Spirit   .   (armour currently unavailable)
rPois    ∞         Reflect  .   (helmet currently unavailable)
rElec    .         Harm     .   (cloak currently unavailable)
rCorr    .         Rampage  .   (gloves currently unavailable)
Will     .....                  (boots currently unavailable)
Stlth    ++++++....             (no amulet)
HPRegen  0.00/turn              (ring currently unavailable)
MPRegen  0.12/turn              (ring currently unavailable)

@: bat-form, flying, bloodless, very quick
A: fast, flying, no casting, bloodless, tiny, fangs 3, see invisible, vampiric 2
a: Revivify, End Transformation


You were on level 4 of the Dungeon.
You were a vampire bat.
You visited 1 branch of the dungeon, and saw 4 of its levels.

You collected 135 gold pieces.

Inventory:

Hand Weapons
 a - a +3 dagger of venom (melded)
 b - a +0 vampiric dagger
Missiles
 e - a curare-tipped dart
 f - 3 atropa-tipped darts
 i - 202 stones
 n - 5 javelins
 q - 14 poisoned darts
Armour
 c - a +0 buckler
 d - a +2 buckler of reflection
 m - a +0 robe (melded)
 p - a +2 pair of gloves (melded)
Jewellery
 g - a ring of resist corrosion (melded)
 l - a +6 ring of dexterity (melded)
Scrolls
 h - a scroll of silence
 j - 5 scrolls of identify
 o - a scroll of fear
Potions
 k - a potion of haste


   Skills:
 - Level 0.7 Fighting
 * Level 3.5 Short Blades
 - Level 2.1 Dodging
 * Level 6.3 Stealth
 * Level 2.4 Shields
 + Level 2.8 Spellcasting
 * Level 6.1 Hexes
 + Level 1.3 Ice Magic


You had 6 spell levels left.
You knew the following spells:

 Your Spells              Type           Power      Damage    Failure   Level
a - Corona                Hex            24%        N/A       1%          1
b - Ensorcelled Hibernat  Hex/Ice        28%        N/A       6%          2
c - Shock                 Conj/Air       8%         1d3       19%         1

Your spell library contained the following spells:

 Spells                   Type           Power      Damage    Failure   Level
 Confusing Touch          Hex            22%        N/A       4%          3
 Tukima's Dance           Hex            22%        N/A       4%          3
 Dazzling Flash           Conj/Hex       24%        N/A       16%         3
 Static Discharge         Conj/Air       2%         N/A       28%         2
 Swiftness                Air            2%         N/A       50%         3
 Airstrike                Air            1%         N/A       88%         4
 Lightning Bolt           Conj/Air       1%         1d12      99%         5


Dungeon Overview and Level Annotations

Branches:
Dungeon (4/15)
 Temple: D:4-7

Altars:

Annotations:
D:4 Menkaure


Innate Abilities, Weirdness & Mutations

You are a vampire bat.
You are tiny and dextrous.
You move quickly.
You are flying.
Your equipment is almost entirely melded.
You are incapable of wielding weapons or throwing items.
You cannot cast spells.
You do not regenerate when monsters are visible.
You are frail without blood (-20% HP).
You can heal yourself when you bite living creatures.
You are immune to poison.
You have razor-sharp teeth.
You have supernaturally acute eyesight. (SInv)
You are afflicted with vampirism and can become a bat while bloodless.


Message History

Throw: 9 javelins
Press: ? - help, Q - select action, (/) - cycle Shift-Dir - straight line, f/p - Menkaure
Aim: Menkaure (lightly damaged, 77% to hit)
You throw a javelin. The javelin pierces through Menkaure!
Menkaure is heavily damaged.
Unknown command.
Throw: 8 javelins
Press: ? - help, Q - select action, (/) - cycle Shift-Dir - straight line, f/p - Menkaure
Aim: Menkaure (heavily damaged, 77% to hit)
You throw a javelin. The javelin pierces through Menkaure.
Menkaure is severely damaged.
Unknown command.
Throw: 7 javelins
Press: ? - help, Q - select action, (/) - cycle Shift-Dir - straight line, f/p - Menkaure
Aim: Menkaure (severely damaged, 77% to hit)
You throw a javelin. The javelin barely misses Menkaure.
Unknown command.
Throw: 6 javelins
Press: ? - help, Q - select action, (/) - cycle Shift-Dir - straight line, f/p - Menkaure
Aim: Menkaure (severely damaged, 77% to hit)
You throw a javelin. The javelin barely misses Menkaure.
Menkaure shrieks, "Why can't you leave me to my rest?"
Menkaure hits you!!
Ouch! That really hurt!
You hit Menkaure.
Menkaure is severely damaged.
Menkaure hits you.
* * * LOW HITPOINT WARNING * * *
Unknown command.
You turn into a vampire bat.
Your +3 dagger of venom melds into your body.
Your +2 pair of gloves melds into your body.
Your +0 robe melds into your body.
Your +6 ring of dexterity melds into your body.
Your ring of resist corrosion melds into your body.
Your +3 dagger of venom stops dripping with poison.
You feel clumsy.
You feel weakened.
You feel dopey.
You feel clumsy. Menkaure hits you!!
Ouch! That really hurt!
You die...

............[..
##..................
##..................#
##..............#....
##.................(#
##.................(#
##..>...............#
##..................#
##..............bM.(##
.....)..............#
.....<[)............##
..§..................#
.....................#
.≈§§.................#
.§§§.................#
.....................#
.....................#


You could see Menkaure.

Vanquished Creatures
  An ogre (D:4)
  A black bear (D:4)
  A kobold brigand (D:4)
  An orc wizard (D:3)
  4 gnolls
  2 adders
  A worm (D:4)
  A dart slug (D:3)
  8 orcs
  7 ball pythons
  3 bats (D:3)
  10 endoplasms
  2 giant cockroaches
  9 goblins
  6 hobgoblins
  A jackal (D:3)
  6 quokkas
  6 frilled lizards
  10 kobolds
  4 rats
84 creatures vanquished.

Notes
Turn   | Place    | Note
-------+----------+-------------------------------------------
     0 | D:1      | Glokmah the Vampire Enchanter began the quest for the Orb.
     0 | D:1      | Reached XP level 1. HP: 13/13 MP: 3/3
   233 | D:1      | Found a faded altar of an unknown god.
   237 | D:1      | Reached XP level 2. HP: 15/15 MP: 5/5
   498 | D:1      | Learned a level 2 spell: Ensorcelled Hibernation
  1333 | D:2      | Gained mutation: You are afflicted with vampirism and can
                  | become a bat while bloodless. [Vampire growth]
  1333 | D:2      | Reached XP level 3. HP: 20/20 MP: 3/6
  1649 | D:2      | Reached skill level 1 in Shields
  1810 | D:2      | Reached skill level 5 in Stealth
  1810 | D:2      | Reached skill level 5 in Hexes
  1953 | D:3      | Reached XP level 4. HP: 24/24 MP: 7/7
  3150 | D:4      | Noticed a black bear
  3155 | D:4      | Killed a black bear
  3156 | D:4      | Reached skill level 1 in Ice Magic
  3156 | D:4      | Reached XP level 5. HP: 28/28 MP: 5/8
  3224 | D:4      | Noticed an ogre
  3310 | D:4      | Identified a scroll of acquirement
  3310 | D:4      | Acquired a +2 buckler of reflection
  3392 | D:4      | Reached XP level 6. HP: 33/33 MP: 6/10
  3732 | D:4      | Noticed Menkaure
  3875 | D:3      | Learned a level 1 spell: Shock
  3930 | D:4      | Demolished by Menkaure

Illustrated notes

Levels and vault maps discovered:
D:1:      dpeg_arrival_lava_temple_mockup, layout_rooms,
          hellmonk_ecumenical_altar_crossroads
D:2:      layout_loops_ring
D:3:      minmay_thinvault, layout_rooms, kennysheep_generic_room_2
D:4:      layout_layer_cave, nicolae_ossuary_entry_false_entrances,
          kennysheep_decorative_pillar, uniq_menkaure

Skill      XL: |  1  2  3  4  5  6 |
---------------+-------------------+-----
Shields        | 1 2 |  2.4
Stealth        | 5 6 |  6.3
Hexes          | 5 6 |  6.1
Short Blades   | 2 3 |  3.5
Ice Magic      | 1 |  1.3
Fighting       | |  0.7
Dodging        | |  2.1
Spellcasting   | |  2.8

Action                   |  1- 3 |  4- 6 || total
-------------------------+-------+-------++-------
Melee: Dagger            |    97 |    92 ||   189
       Bite              |     7 |     7 ||    14
Throw: Javelin           |     5 |     5 ||    10
       Stone             |     2 |       ||     2
 Cast: Corona            |     4 |       ||     4
       Ensorcelled Hiber |    19 |    41 ||    60
 Abil: Exsanguinate      |     1 |       ||     1
       Bat Form          |       |     1 ||     1
  Use: Scroll            |       |     8 ||     8
 Stab: Sleeping          |    20 |    27 ||    47
Armor: Robe              |    11 |    15 ||    26
Dodge: Dodged            |    58 |    63 ||   121

Table legend: (Time is in decaauts)
 A = Elapsed time spent in this place.
 B = Non-inter-level travel time spent in this place.
 C = Inter-level travel time spent in this place.
 D = Time resting spent in this place.
 E = Time spent auto-exploring this place.
 F = Levels seen in this place.
 G = Mean time per level.
                   A        B        C        D        E       F      G
               +--------+--------+--------+--------+--------+-----+--------+
         Total |   3925 |   3579 |    346 |    780 |   1750 |   4 |  981.2 |
       Dungeon |   3925 |   3579 |    346 |    780 |   1750 |   4 |  981.2 |
               +--------+--------+--------+--------+--------+-----+--------+

Top non-repeatable levels by time:
     D:3: 1698 daAuts
     D:2: 1009 daAuts
     D:1: 985 daAuts
     D:4: 232 daAuts
